 Dungeon Crawl Stone Soup version 0.28.0 (webtiles) character file.

Game seed: 3267847554936348061

123 psuckher the Sneak (level 4, -1/44 HPs)
             Began as a Troll Delver on Feb 16, 2022.
             Was an Initiate of Ashenzari.
             Slain by an orc wizard (2 damage)
             ... on level 5 of the Dungeon.
             The game lasted 00:02:08 (387 turns).

psuckher the Sneak (Troll Delver)                    Turns: 387, Time: 00:02:08

Health: -1/44      AC:  4    Str: 22    XL:     4   Next: 79%
Magic:  3/3        EV: 10    Int:  6    God:    Ashenzari [......]
Gold:   37         SH:  0    Dex: 11    Spells: 3/3 levels left

rFire   . . .      SeeInvis .     - Unarmed
rCold   . . .      Faith    .   (no shield)
rNeg    . . .      Spirit   .   a - +0 robe
rPois   .          Reflect  .   (helmet restricted)
rElec   .          Harm     .   (no cloak)
rCorr   .          Rampage  .   (gloves unavailable)
Will    .....                   (boots unavailable)
Stlth   ++........              (no amulet)
HPRegen 0.94/turn               (no ring)
MPRegen 0.08/turn               (no ring)

@: no status effects
A: large, unfitting armour, claws 3, regeneration 1, shaggy fur 1, tough skin 1
a: Renounce Religion


You were on level 5 of the Dungeon.
You worshipped Ashenzari.
Ashenzari was noncommittal.
You visited 1 branch of the dungeon, and saw 1 of its levels.

You collected 37 gold pieces.

Inventory:

Armour
 a - a +0 robe (worn)
Wands
 f - a wand of digging (3)
Scrolls
 b - a scroll of fog
 c - 2 scrolls of magic mapping
 d - a scroll of fear
Potions
 e - a potion of haste
 g - a potion of heal wounds {unknown}
 h - a potion of resistance {unknown}


   Skills:
 + Level 2.8 Fighting
 + Level 1.8 Dodging
 + Level 3.6 Stealth
 + Level 2.5 Unarmed Combat


You had 3 spell levels left.
You didn't know any spells.
Your spell library was empty.

Dungeon Overview and Level Annotations

Branches:
Dungeon (5/15)
 Temple: D:4-7

Altars:
Ashenzari


Innate Abilities, Weirdness & Mutations

You are too large for most types of armour.
You have claws for hands.
Your natural rate of healing is unusually fast.
You are covered in fur. (AC +1)
You have tough skin. (AC +1)


Message History

The orc barely misses you. The orc barely misses you.
The orc wizard casts a spell.
The orc wizard flickers and vanishes!
Deactivating autopickup; reactivate with Ctrl-A.
The orc wizard shouts!
You claw the orc!
You kill the orc!
You closely miss the orc. The orc hits you with a +0 hand axe.
You closely miss the orc. The orc closely misses you.
You scratch the orc.
The orc is heavily wounded.
You claw the orc!
You kill the orc!
You closely miss something.
You hear some strange, mumbled words.
A magic dart appears from out of thin air!
The magic dart hits you!
You miss something. Something hits you.
You barely miss something. Something hits you.
You scratch something. Something hits you but does no damage.
You claw something!
Reactivating autopickup.
You feel a bit more experienced.
The orc wizard points at you and mumbles some strange words.
The magic dart hits you.
The orc wizard gestures at you while chanting.
The puff of flame hits you!
* * * LOW HITPOINT WARNING * * *
Items here: ))) [[ †.
You closely miss the orc wizard. The orc wizard barely misses you.
You scratch the orc wizard but do no damage.
The orc wizard hits you with a +0 dagger.
* * * LOW HITPOINT WARNING * * *
You miss the orc wizard.
The orc priest calls down the wrath of Beogh upon you.
Beogh smites you!
* * * LOW HITPOINT WARNING * * *
The orc wizard hits you with a +0 dagger.
You die...

..≈≈ #### .
#.≈≈ #..# ..
#.≈≈ #..# ...
..<≈ #..#
...##.≈ #..#
..... #o. #..
#o# #.. #@#
#.#
#.###########
#.#
#...........#
#.#
###########.#
#.# #.# #.#
#.# #.#
#.####.#
#......#
######.#


You could see an orc priest and an orc wizard.

Vanquished Creatures
  A necrophage (D:5)
  An orc wizard (D:5)
  A white imp (D:5)
  2 orcs (D:5)
5 creatures vanquished.

Notes
Turn   | Place    | Note
-------+----------+-------------------------------------------
     0 | D:5      | psuckher the Troll Delver began the quest for the Orb.
     0 | D:5      | Reached XP level 1. HP: 22/22 MP: 0/0
    11 | D:5      | Noticed a necrophage
    23 | D:5      | Killed a necrophage
    24 | D:5      | Reached skill level 3 in Stealth
    24 | D:5      | Reached XP level 2. HP: 27/29 MP: 1/1
    24 | D:5      | Reached XP level 3. HP: 33/36 MP: 2/2
    24 | D:5      | Reached XP level 4. HP: 41/44 MP: 3/3
    24 | D:5      | Found a broken altar of Ashenzari.
    43 | D:5      | Became a worshipper of Ashenzari the Shackled
   387 | D:5      | HP: 1/44 [orc priest/divine providence (12)]
   387 | D:5      | Slain by an orc wizard

Illustrated notes

Levels and vault maps discovered:
D:5:      wander_river, layout_basic, mainiacjoe_overflow_small_starburst,
          minmay_temple_entry_grid, eino_tiny_chamber

Skill      XL: |  1 |
---------------+----+-----
Stealth        | 3 |  3.6
Fighting       | |  2.8
Dodging        | |  1.8
Unarmed Combat | |  2.5

Action                   |  1- 3 |  4- 6 || total
-------------------------+-------+-------++-------
Melee: Unarmed           |     8 |    17 ||    25
Armor: Robe              |     1 |     1 ||     2
Dodge: Dodged            |     3 |     4 ||     7
